[Event "*** Titled Tuesday Blitz"]
[Site "Chess.com"]
[Date "2019.08.06"]
[Round "5"]
[White "ZenBull"]
[Black "Nakachuk"]
[Result "0-1"]
[WhiteElo "2124"]
[BlackElo "2656"]
[TimeControl "180+2"]
[EndTime "14:02:57 PDT"]
[Termination "Nakachuk won by resignation"]

1. Nf3 Nf6 2. c4 g6 3. Nc3 Bg7 4. e4 d6 5. d4 O-O 6. h3 Na6 7. Be3 c6 8. Be2 e5 9. O-O exd4 10. Nxd4 Re8 11. Bf3 Nc5 12. Qc2 Qe7 13. Rfe1 a5 14.
Bg5 h6 15. Bh4 Qf8 16. Rad1 Nfd7 17. Nb3 Be5 18. Nxc5 Nxc5 19. b3 Ne6 20. Ne2 a4 21.
Bg3 axb3 22. axb3 Qg7 23. Bxe5 Qxe5 24. Qc3 Ra2 25. Qxe5 dxe5 26. g3 Ng5 27. Bg2 Nxh3+ 28. Kf1 Ng5 29. Nc3 Rb2 30. Rb1 Rc2 31. Rec1 Rd2 32.
Ke1 Rdd8 33. Ra1 Ne6 34. Ne2 Nc5 35. Rcb1 Bg4 36. f3 Be6 37. Bf1 Rd3 38. Kf2 Rxb3 39.
Rxb3 Nxb3 40. Ra7 Nc5 41. Nc3 Rd8 42. Ke3 h5 43. Ra5 Nd7 44. f4 exf4+ 45. gxf4 Bg4 46. e5 f6 47. Ne4 fxe5 48. fxe5 Re8 49. Kf4 Rf8+ 50. Kg5 Rxf1 51. Kxg6 Bf5+ 0-1

[Event "*** Titled Tuesday Blitz"]
[Site "Chess.com"]
[Date "2019.08.06"]
[Round "5"]
[White "GHANDEEVAM2003"]
[Black "Korchmar_Vasiliy"]
[Result "1-0"]
[WhiteElo "2947"]
[BlackElo "2666"]
[TimeControl "180+2"]
[EndTime "14:02:58 PDT"]
[Termination "GHANDEEVAM2003 won by resignation"]

1. d4 Nf6 2. Bg5 c5 3. d5 Qb6 4. Nc3 Qxb2 5. Bd2 Qb6 6. e4 d6 7. f4 e5 8. fxe5 dxe5 9. Rb1 Qd8 10.
Bb5+ Nbd7 11. Nf3 Bd6 12. a4 O-O 13. O-O Nh5 14. Be3 Ndf6 15. Be2 Re8 16. Nd2 Nf4 17. Bf3 b6 18. Nc4 Ba6 19. Nb5 Bxb5 20. axb5 a6 21.
Qd2 h6 22. g3 Ng6 23. Kg2 a5 24. h4 Bf8 25. d6 Re6 26. Rbd1 Ra7 27. h5 Nh8 28.
Qd3 Rd7 29. Rf2 g5 30. Rfd2 g4 31. Be2 Qa8 32. Nxb6 Qd8 33. Nxd7 Qxd7 34. Bxc5 Qb7 35. d7 Nxe4 36. d8=Q Nxc5+ 37. Q3d5 1-0

[Event "*** Titled Tuesday Blitz"]
[Site "Chess.com"]
[Date "2019.08.06"]
[Round "5"]
[White "Agent-JL"]
[Black "edgarrodrigues"]
[Result "1-0"]
[WhiteElo "2358"]
[BlackElo "2410"]
[TimeControl "180+2"]
[EndTime "14:03:00 PDT"]
[Termination "Agent-JL won by resignation"]

1. a3 e5 2. d3 d5 3. Nf3 Nc6 4. g3 Nf6 5. Bg2 Be7 6. O-O Be6 7. c3 h6 8. b4 a6 9. Bb2 Bd6 10. Qc2 Bf5 11. Nh4 Bh7 12. e4 dxe4 13. dxe4 Qd7 14. Nd2 Qe6 15. Rad1 O-O 16. Nb3 Qc4 17. Rfe1 Rad8 18.
f3 Nd7 19. Nf5 Nb6 20. Bf1 Qe6 21. c4 Nc8 22. c5 Be7 23. Bc4 Qf6 24. Kg2 Rxd1 25.
Rxd1 Rd8 26. Rxd8+ Bxd8 27. Bc3 N8e7 28. Ne3 Ng6 29.
Nd5 Qg5 30. Bd2 Qh5 31. a4 Kh8 32. Qd3 Nf8 33. b5 axb5 34. axb5 Nb8 35. Nf4 exf4 36.
Qxd8 Nd7 37. c6 bxc6 38. bxc6 fxg3 39. hxg3 1-0

[Event "*** Titled Tuesday Blitz"]
[Site "Chess.com"]
[Date "2019.08.06"]
[Round "5"]
[White "VladDobrov"]
[Black "Alexander_Moskalenko"]
[Result "1-0"]
[WhiteElo "2942"]
[BlackElo "2860"]
[TimeControl "180+2"]
[EndTime "14:03:01 PDT"]
[Termination "VladDobrov won by resignation"]

1. d4 Nf6 2. c4 e6 3. Nf3 Bb4+ 4. Nbd2 Qe7 5. a3 Bxd2+ 6. Bxd2 d6 7. e3 O-O 8. Be2 Nc6 9. O-O e5 10. Bc3 Ne4 11. Qc2 Nxc3 12. Qxc3 exd4 13. exd4 Qf6 14. h3 Bf5 15. Bd3 Rfe8 16. Rfe1 a5 17. b3 h6 18. Bxf5 Qxf5 19. d5 Ne5 20. Nxe5 Rxe5 21. Rxe5 Qxe5 22.
Qxe5 dxe5 23. Re1 f6 24. f4 exf4 25. Re7 Rc8 26. Kf2 Kf8 27. Rd7 g5 28. Kf3 f5 29. h4 Re8 30. b4 Re3+ 31. Kf2 Rxa3 32. b5 b6 33. Rxc7 g4 34. c5 g3+ 35. Ke2 Ra2+ 36.
Kd3 f3 37. gxf3 g2 38. Rc8+ Kf7 39. Rc7+ Kg6 40. h5+ Kf6 41. Rc6+ Ke5 42. Rg6 bxc5 43. d6 Rb2 44. d7 g1=Q 45. Rxg1 c4+ 46. Kc3 Rb3+ 47.
Kxc4 Rb4+ 48. Kc5 Rd4 49. Re1+ Re4 50. fxe4 f4 51. d8=Q 1-0

[Event "*** Titled Tuesday Blitz"]
[Site "Chess.com"]
[Date "2019.08.06"]
[Round "5"]
[White "HanSchut"]
[Black "Iyael"]
[Result "1-0"]
[WhiteElo "2210"]
[BlackElo "2153"]
[TimeControl "180+2"]
[EndTime "14:03:01 PDT"]
[Termination "HanSchut won by resignation"]

1. e4 c5 2. Nf3 Nc6 3. d4 cxd4 4. Nxd4 Nf6 5. Nc3 e5 6. Ndb5 d6 7. Nd5 Nxd5 8. exd5 Nb8 9. Qf3 Be7 10. Qc3 Na6 11. Be3 O-O 12. Nxa7 Bd7 13. Bxa6 bxa6 14. Nc6 Qe8 15. Nxe7+ Qxe7 16. O-O Rfc8 17. Qd2 Rab8 18. b3 Bf5 19. c4 Bg6 20. f4 f6 21. c5 dxc5 22. d6 Qd7 23. fxe5 fxe5 24. Bg5 Rb6 25. Be7 Re8 26. Qd5+ Kh8 27. Qxc5 Rb5 28. Qc7 Rb7 29.
Qxd7 Rxd7 30. Rac1 h6 31. Rc7 Rexe7 32. Rf8+ Kh7 33.
Rcc8 Re8 34. Rfxe8 Bxe8 35. Rxe8 Rxd6 36. Rxe5 Kg6 37.
Ra5 Kf6 38. Kf2 Ke6 39. Ke3 Kd7 40. Ke4 Kc7 41. Rd5 Rg6 42. g3 Re6+ 43. Re5 Rg6 44.
Kd5 Kb6 45. Re6+ Rxe6 46. Kxe6 Kb5 47. a3 Kc5 48. Kf7 Kd4 49. Kxg7 Kc3 50. b4 Kb3 51. Kxh6 Kxa3 52. g4 Kxb4 53. g5 a5 54. g6 a4 55. g7 a3 56. g8=Q a2 57. Qxa2 1-0

[Event "*** Titled Tuesday Blitz"]
[Site "Chess.com"]
[Date "2019.08.06"]
[Round "5"]
[White "Zq1"]
[Black "cukus"]
[Result "1/2-1/2"]
[WhiteElo "2576"]
[BlackElo "2403"]
[TimeControl "180+2"]
[EndTime "14:03:06 PDT"]
[Termination "Game drawn by agreement"]

1. d4 Nf6 2. c4 g6 3. Nc3 d5 4. Nf3 Bg7 5. cxd5 Nxd5 6. Bd2 O-O 7. Rc1 Nxc3 8. Bxc3 c5 9. dxc5 Qxd1+ 10. Kxd1 Rd8+ 11. Nd2 Nc6 12. e3 Bf5 13. Bb5 Rd7 14. Ke2 Rad8 15. Nf3 a6 16. Bxc6 bxc6 17. Bxg7 Bd3+ 18. Ke1 Kxg7 19. Nd4 Be4 20. f3 e5 21. Ne2 Bf5 22. e4 Be6 23. Kf2 Rd2 24. Ke3 R8d3+ 25. Kf2 Rxb2 26.
Rhd1 Rxd1 27. Rxd1 Bc4 28. Re1 Rxa2 29. Ke3 Rxe2+ 30.
Rxe2 Bxe2 31. Kxe2 f5 32. h4 Kf6 33. g4 fxe4 34. fxe4 Ke6 35. Kd3 Kd7 36. Kc4 Kc7 37.
Kb4 Kb7 38. Ka5 Ka7 39. Ka4 Kb7 40. Ka5 Ka7 1/2-1/2

[Event "*** Titled Tuesday Blitz"]
[Site "Chess.com"]
[Date "2019.08.06"]
[Round "5"]
[White "tonyq11"]
[Black "Komissarov_alex"]
[Result "1-0"]
[WhiteElo "2219"]
[BlackElo "2173"]
[TimeControl "180+2"]
[EndTime "14:03:07 PDT"]
[Termination "tonyq11 won by checkmate"]

1. d4 d5 2. c4 e6 3. Nc3 Bb4 4. f3 Nf6 5. a3 Bd6 6. e3 Nh5 7.
Qc2 Qh4+ 8. Qf2 Bg3 9. hxg3 Qxh1 10. g4 Ng3 11. Qxg3 Qxg1 12. Qh3 dxc4 13. Ne2 Qxf1+ 14.
Kxf1 Nc6 15. Bd2 Bd7 16. Bc3 Ne7 17. e4 O-O-O 18. Rc1 f5 19. gxf5 exf5 20. Qg3 fxe4 21. fxe4 Rhf8+ 22. Kg1 Rf7 23. Rf1 Rdf8 24. Rxf7 Rxf7 25.
Nf4 b5 26. e5 Nf5 27. Qf3 Nh4 28. Qa8# 1-0

[Event "*** Titled Tuesday Blitz"]
[Site "Chess.com"]
[Date "2019.08.06"]
[Round "5"]
[White "ElHelvetico"]
[Black "pedromartinez91"]
[Result "1-0"]
[WhiteElo "2685"]
[BlackElo "2457"]
[TimeControl "180+2"]
[EndTime "14:03:08 PDT"]
[Termination "ElHelvetico won by resignation"]

1. c4 e5 2. g3 Nf6 3. Bg2 d5 4. cxd5 Nxd5 5. Nc3 Nb6 6. Nf3 Nc6 7. O-O Be7 8. d3 O-O 9. Be3 Re8 10. Rc1 Bf8 11.
Na4 Nd4 12. Nc5 c6 13. Qd2 Nf5 14. b4 Nxe3 15. fxe3 Nd7 16. Nb3 e4 17. Nfd4 exd3 18. exd3 Qe7 19. Nf5 Qxb4 20. Qf2 f6 21. Rc4 Qb6 22.
Rh4 Ne5 23. d4 Ng6 24. Re4 Bxf5 25. Qxf5 Qa6 26. Rf2 Qd3 27. Rxe8 Qd1+ 28. Rf1 Qxf1+ 29. Bxf1 Rxe8 30. Bc4+ Kh8 31. Qd7 Rxe3 32. Qf7 1-0

[Event "*** Titled Tuesday Blitz"]
[Site "Chess.com"]
[Date "2019.08.06"]
[Round "5"]
[White "KhazarBabazada"]
[Black "FrenchMonster2002"]
[Result "1-0"]
[WhiteElo "2821"]
[BlackElo "2508"]
[TimeControl "180+2"]
[EndTime "14:03:09 PDT"]
[Termination "KhazarBabazada won by resignation"]

1. e4 c5 2. Nf3 Nc6 3. d4 cxd4 4.
Nxd4 e5 5. Nb5 d6 6. N1c3 Be7 7. Nd5 Be6 8. Nbc7+ Kf8 9. Nxa8 Qxa8 10. Be3 Nf6 11. Nxf6 gxf6 12. f3 f5 13. exf5 Bxf5 14. Bd3 Be6 15.
Qd2 f5 16. Bg5 Rg8 17. Bxe7+ Kxe7 18. O-O-O Qd8 19. Rhe1 Qb6 20. b3 a5 21. Bc4 Nd4 22.
c3 Bxc4 23. cxd4 Rc8 24. Kb2 a4 25. dxe5 d5 26. Qg5+ Ke8 27. e6 Bxb3 28. Qg8+ Ke7 29. Qf7+ Kd6 30. Qd7+ Kc5 31. Qxc8+ Kb4 32. Qc3+ Kb5 33.
axb3 Qf2+ 34. Qd2 a3+ 35. Ka2 Qc5 36. Rc1 1-0

[Event "*** Titled Tuesday Blitz"]
[Site "Chess.com"]
[Date "2019.08.06"]
[Round "5"]
[White "yoolund"]
[Black "enriquetejedor"]
[Result "1-0"]
[WhiteElo "2644"]
[BlackElo "2560"]
[TimeControl "180+2"]
[EndTime "14:03:10 PDT"]
[Termination "yoolund won by resignation"]

1. d4 d6 2. Nf3 Bg4 3. e4 c6 4. h3 Bh5 5. Be2 Nd7 6. c4 e5 7.
O-O exd4 8. Nxd4 Bxe2 9. Qxe2 Ngf6 10. Rd1 g6 11. Bf4 Qc7 12. c5 Ne5 13. cxd6 Bxd6 14. Nc3 O-O 15. Ndb5 cxb5 16. Nxb5 Qc5 17. Rxd6 Nh5 18.
Be3 Qc4 19. Qxc4 Nxc4 20. Rd7 Nxe3 21. fxe3 Rfd8 22. Rad1 Rxd7 23. Rxd7 a6 24. Nd6 b5 25. Nxf7 Nf6 26. Nh6+ Kh8 27. Re7 Re8 28. Rxe8+ Nxe8 29. Kf2 Kg7 30. Ng4 Nd6 31. Kf3 Nc4 32. b3 Nd2+ 33.
Kf4 Nb1 34. Ke5 Nc3 35. a3 a5 36. Kd4 Nb1 37. a4 b4 38. Kd3 Nc3 39. Ne5 Nd1 40. Nc4 Nf2+ 41. Kd4 g5 42. Nxa5 h5 43. Nc6 Kf6 44.
a5 g4 45. a6 gxh3 46. gxh3 Nxh3 47. a7 h4 48. a8=Q Ng5 49. Qh8+ Kf7 50. Ne5+ Ke7 51. Qg7+ Ke6 52. Qxg5 h3 53. Qg6+ Ke7 54. Qf7+ 1-0

[Event "*** Titled Tuesday Blitz"]
[Site "Chess.com"]
[Date "2019.08.06"]
[Round "5"]
[White "eCztery"]
[Black "Vadim_Biliy"]
[Result "1-0"]
[WhiteElo "2142"]
[BlackElo "2215"]
[TimeControl "180+2"]
[EndTime "14:03:11 PDT"]
[Termination "eCztery won by checkmate"]

1. e4 d6 2. Nc3 Nf6 3. d4 g6 4. h4 c6 5. Be2 b5 6. a3 h5 7. Bg5 Bg7 8. Qd2 Nbd7 9. f3 Bb7 10.
g4 a5 11. Nh3 b4 12. Nd1 hxg4 13. fxg4 Nxe4 14. Qf4 Nxg5 15. Nxg5 Nf6 16. Bc4 d5 17. Bd3 Qd6 18. Qxd6 exd6 19. Nf2 c5 20. Bb5+ Kf8 21. Kd2 Ne4+ 22. Nfxe4 dxe4 23. Rhf1 Bd5 24. axb4 cxd4 25. Nxf7 Bxf7 26. Bc4 e3+ 27. Kd3 Ra7 28. Rxa5 Rxa5 29.
Rxf7+ Ke8 30. bxa5 Be5 31. a6 Rxh4 32. a7 d5 33. Bxd5 Rxg4 34. a8=Q+ Bb8 35. Qxb8# 1-0

[Event "*** Titled Tuesday Blitz"]
[Site "Chess.com"]
[Date "2019.08.06"]
[Round "5"]
[White "BilodeauA"]
[Black "Chopper1905"]
[Result "1-0"]
[WhiteElo "2908"]
[BlackElo "2827"]
[TimeControl "180+2"]
[EndTime "14:03:13 PDT"]
[Termination "BilodeauA won by resignation"]

1. d4 Nf6 2. Nc3 d5 3. Bf4 a6 4.
e3 Bf5 5. f3 h5 6. Bd3 e6 7. e4 Bg6 8. exd5 Bxd3 9. Qxd3 Nxd5 10. Nge2 Bb4 11. O-O Bxc3 12. bxc3 Nxf4 13. Nxf4 Qg5 14.
Qe4 c6 15. Rab1 Ra7 16. Rfe1 Nd7 17. c4 O-O 18. c5 Nf6 19. Qe5 Qxe5 20. Rxe5 Rd8 21.
c3 Nd5 22. Nxd5 Rxd5 23. f4 Kf8 24. Kf2 Ke7 25. Kg3 g6 26. Rxd5 cxd5 27. Kh4 f6 28.
Rb6 a5 29. a4 Kf7 30. h3 Ke7 31. g4 hxg4 32. hxg4 Kf7 33. f5 gxf5 34. gxf5 exf5 35. Kg3 Kg6 36. Kf4 Ra8 37. Rxb7 Re8 38. c6 Re4+ 39. Kf3 f4 40. Rb5 Re3+ 41. Kxf4 Rxc3 42. Rc5 1-0

[Event "*** Titled Tuesday Blitz"]
[Site "Chess.com"]
[Date "2019.08.06"]
[Round "5"]
[White "Manukyan_Artak"]
[Black "Rhemmy"]
[Result "0-1"]
[WhiteElo "2388"]
[BlackElo "2509"]
[TimeControl "180+2"]
[EndTime "14:03:13 PDT"]
[Termination "Rhemmy won by resignation"]

1. e4 e5 2. Nf3 Nc6 3. d4 exd4 4. Nxd4 Nf6 5. Nxc6 bxc6 6. e5 Qe7 7. Qe2 Nd5 8. c4 Nb6 9. b3 Bb7 10. Nc3 g6 11. f4 Bg7 12. Ne4 O-O-O 13. Bb2 Rhe8 14. O-O-O d5 15. Qg4+ Kb8 16. Nf6 Bxf6 17. exf6 Qe3+ 18. Kb1 dxc4 19. Bxc4 Nxc4 20. bxc4 c5 21. Qg3 Qe2 22. Qb3 Ka8 23. Ka1 Bxg2 24. Rxd8+ Rxd8 25. Rc1 Be4 26. Qa3 Rb8 27. Qc3 Qxh2 28. Qe5 Qe2 29. Qc3 h5 30. Re1 Rxb2 0-1

[Event "*** Titled Tuesday Blitz"]
[Site "Chess.com"]
[Date "2019.08.06"]
[Round "5"]
[White "jefferyx"]
[Black "chito89"]
[Result "1-0"]
[WhiteElo "2932"]
[BlackElo "2837"]
[TimeControl "180+2"]
[EndTime "14:03:14 PDT"]
[Termination "jefferyx won by resignation"]

1. d4 Nf6 2. c4 e6 3. Nc3 c5 4. d5 exd5 5. cxd5 d6 6. Nf3 g6 7. Nd2 Bg7 8. e4 O-O 9. Be2 Re8 10. O-O a6 11. a4 Nbd7 12. Re1 Ne5 13. Nf1 Rb8 14.
Ra3 c4 15. b4 cxb3 16. Rxb3 Ned7 17. Ba3 Nc5 18. Bxc5 dxc5 19. Bxa6 Ng4 20. Bb5 Bd4 21. Bxe8 Qf6 22. Qf3 Bxf2+ 23. Kh1 Bxe1 24. Nb5 Qe7 25. Qf4 Ra8 26. Nc7 Ra5 27. d6 Qh4 28. Qxf7+ 1-0

[Event "*** Titled Tuesday Blitz"]
[Site "Chess.com"]
[Date "2019.08.06"]
[Round "5"]
[White "wonderfultime"]
[Black "cancrushyou"]
[Result "1-0"]
[WhiteElo "2861"]
[BlackElo "2505"]
[TimeControl "180+2"]
[EndTime "14:03:15 PDT"]
[Termination "wonderfultime won by resignation"]

1. c4 e6 2. Nf3 d5 3. e3 Nf6 4.
Nc3 Be7 5. Qc2 O-O 6. Be2 a6 7. b3 b6 8. Bb2 c5 9. cxd5 Nxd5 10. Nxd5 Qxd5 11. Bd3 Nc6 12. Bxh7+ Kh8 13. Be4 Qd6 14. O-O Bb7 15. a3 Rac8 16. Rac1 f5 17. Bd3 Bf6 18.
Be2 Bxb2 19. Qxb2 e5 20. d3 Rf6 21. b4 e4 22. dxe4 fxe4 23. bxc5 bxc5 24. Qxb7 Rb8 25. Qxa6 exf3 26. Bxf3 Rxf3 27. gxf3 Qd5 28. Qc4 Qxf3 29. Qh4+ Kg8 30. Rxc5 Ne7 31. Qg3 Qa8 32. Rfc1 Rf8 33. Rg5 Nf5 34. Qg4 Qb7 35. Rxf5 1-0

[Event "*** Titled Tuesday Blitz"]
[Site "Chess.com"]
[Date "2019.08.06"]
[Round "5"]
[White "nikitakhoroshev"]
[Black "resha1988"]
[Result "0-1"]
[WhiteElo "2605"]
[BlackElo "2782"]
[TimeControl "180+2"]
[EndTime "14:03:16 PDT"]
[Termination "resha1988 won on time"]

1. d4 d5 2. Nf3 Nf6 3. c4 c6 4. Nc3 dxc4 5. a4 e6 6. e4 Bb4 7.
Qc2 b5 8. Be2 Bb7 9. O-O a6 10.
Rd1 Nbd7 11. Bg5 h6 12. Bh4 Qb6 13. e5 Nd5 14. Ne4 O-O 15. Neg5 hxg5 16. Nxg5 f5 17.
Nxe6 c5 18. Nxf8 Rxf8 19. axb5 axb5 20. dxc5 Nxc5 21. Bf3 Ne4 22. Bxe4 fxe4 23. Qxe4 Bc5 24. Rxd5 Bxf2+ 25. Kh1 Bxh4 26. Rd6 Qf2 0-1

[Event "*** Titled Tuesday Blitz"]
[Site "Chess.com"]
[Date "2019.08.06"]
[Round "5"]
[White "Winehouse83"]
[Black "Everyfishknows"]
[Result "1-0"]
[WhiteElo "2616"]
[BlackElo "2402"]
[TimeControl "180+2"]
[EndTime "14:03:16 PDT"]
[Termination "Winehouse83 won by resignation"]

1. d4 Nf6 2. c4 e6 3. Nf3 Bb4+ 4. Nbd2 O-O 5. a3 Be7 6. e4 d6 7. g3 c5 8. Bg2 cxd4 9. Nxd4 Nc6 10. Nc2 Ne5 11. Qe2 Bd7 12. O-O Rc8 13. Ne3 a6 14. b3 b5 15. f4 Nc6 16. Bb2 bxc4 17.
Ndxc4 d5 18. exd5 exd5 19. Nxd5 Nxd5 20. Bxd5 Bf6 21. Rad1 Bxb2 22. Qxb2 Qc7 23. Rfe1 Rfe8 24. Qd2 Bg4 25. Rxe8+ Rxe8 26. Re1 Rd8 27. Bxc6 Qa7+ 28.
Qf2 Qc7 29. Qb6 Qc8 30. Qxd8+ Qxd8 31. Re8+ Qxe8 32. Bxe8 Be6 33. Na5 Kf8 34. Bc6 Ke7 35.
Bb7 Kd6 36. Bxa6 Kc7 37. Bc4 1-0

[Event "*** Titled Tuesday Blitz"]
[Site "Chess.com"]
[Date "2019.08.06"]
[Round "5"]
[White "Konavets"]
[Black "giantslayer83"]
[Result "1-0"]
[WhiteElo "3003"]
[BlackElo "2656"]
[TimeControl "180+2"]
[EndTime "14:03:18 PDT"]
[Termination "Konavets won by resignation"]

1. e4 e5 2. Nf3 Nc6 3. Bc4 Bc5 4. O-O Nf6 5. d3 d6 6. c3 a6 7. a4 Ba7 8. Nbd2 O-O 9. Re1 Ne7 10. Nf1 Ng6 11.
h3 c6 12. Bb3 h6 13. Ng3 Re8 14. d4 Be6 15. Bc2 Qc7 16. Be3 Rad8 17. Qc1 Kh7 18. a5 Qc8 19. Nf5 Bxf5 20. exf5 Ne7 21. dxe5 Bxe3 22. Rxe3 dxe5 23. Rxe5 Ned5 24. Rxe8 Rxe8 25. Qd2 Qc7 26. c4 Nf4 27. Re1 Rxe1+ 28. Qxe1 c5 29.
Qe3 Qd6 30. h4 N4h5 31. Ne5 Qd4 32. Qxd4 cxd4 33. g3 Kg8 34. Nf3 Ne8 35. Nxd4 Nd6 36. c5 Nc4 37. b4 Nf6 38. c6 bxc6 39. Nxc6 Nd6 40. Bd3 Nd5 41. Bxa6 Nxf5 42. Bc4 Nc7 43. b5 Nd6 44. b6 Na8 45. Bd5 1-0

[Event "*** Titled Tuesday Blitz"]
[Site "Chess.com"]
[Date "2019.08.06"]
[Round "5"]
[White "SanchezKelvin"]
[Black "I-Mesquita"]
[Result "0-1"]
[WhiteElo "2448"]
[BlackElo "2697"]
[TimeControl "180+2"]
[EndTime "14:03:19 PDT"]
[Termination "I-Mesquita won on time"]

1. d4 Nf6 2. c4 e6 3. Nf3 b6 4. g3 Ba6 5. Qc2 d5 6. cxd5 exd5 7. Bg2 Be7 8. O-O O-O 9. Nc3 c5 10.
Rd1 Nc6 11. e4 Nxd4 12. Nxd4 cxd4 13. Nxd5 Nxd5 14. exd5 Bf6 15. Bf4 Re8 16. Rd2 Qd7 17. Qc7 Qf5 18. d6 Rec8 19. Bxa8 Rxc7 20. dxc7 g5 21. Bd6 Qd7 22. Rc1 Qxd6 23. c8=Q+ Bxc8 24. Rxc8+ Kg7 25. Be4 Qe6 0-1

[Event "*** Titled Tuesday Blitz"]
[Site "Chess.com"]
[Date "2019.08.06"]
[Round "5"]
[White "ruvat"]
[Black "Karacsonyi_Gellert"]
[Result "0-1"]
[WhiteElo "2342"]
[BlackElo "2519"]
[TimeControl "180+2"]
[EndTime "14:03:19 PDT"]
[Termination "Karacsonyi_Gellert won on time"]

1. d4 Nf6 2. c4 e6 3. g3 d5 4. Nf3 dxc4 5. Bg2 Bd7 6. Ne5 Bc6 7. Nxc6 Nxc6 8. e3 Qd7 9. Qa4 O-O-O 10. Nc3 Bb4 11. a3 Bxc3+ 12. bxc3 Nd5 13. Qxc4 Na5 14. Qd3 Qa4 15. O-O Qc4 16. Qxc4 Nxc4 17. Bxd5 exd5 18. a4 h5 19. f3 Rde8 20. Kf2 Re6 21. Re1 Rhe8 22.
Ra2 f5 23. h4 Rb6 24. Ke2 Rb1 25. Kd3 Kd7 26. Kc2 Rb6 27. Bd2 Ra6 28. Kd3 Rxa4 29. Rxa4 Nb2+ 30. Kc2 Nxa4 31. g4 fxg4 32. fxg4 hxg4 33.
Rf1 Ke6 34. Rf4 Nb6 35. Rxg4 Re7 36. e4 c6 37. e5 Rf7 38. Rg6+ Ke7 39. Bg5+ Kf8 0-1

[Event "*** Titled Tuesday Blitz"]
[Site "Chess.com"]
[Date "2019.08.06"]
[Round "5"]
[White "FearNoEvil12"]
[Black "BabyFacedAssasin"]
[Result "0-1"]
[WhiteElo "2001"]
[BlackElo "2177"]
[TimeControl "180+2"]
[EndTime "14:03:25 PDT"]
[Termination "BabyFacedAssasin won by resignation"]

1. e4 e6 2. d4 d5 3. Nc3 Nf6 4. Qd3 Bb4 5. e5 Ne4 6. a3 Ba5 7. b4 Bb6 8. Nxe4 dxe4 9. Qxe4 Qxd4 10. Qxd4 Bxd4 11. Rb1 Bxe5 12. Nf3 Bc3+ 13. Bd2 Bxd2+ 14.
Nxd2 O-O 15. Bd3 Nd7 16. O-O Ne5 17. Be2 Rd8 18. Ne4 b6 19. f4 Nd7 20. Bd3 Bb7 21.
Rbe1 Nf6 22. Nxf6+ gxf6 23. Re3 Rac8 24. Rg3+ Kf8 25.
Bxh7 c5 26. c3 cxb4 27. cxb4 Ke7 28. Re1 Rd2 29. Bf5 Rcd8 30. Bh3 Ra2 31. Rg7 Kf8 32.
Rg3 Rdd2 33. Rc1 Bd5 34. Kf1 Ke7 35. Bg4 Rf2+ 36. Ke1 Bxg2 37. Rxg2 Rxg2 38. Bh3 Rge2+ 39. Kd1 Rxh2 40. Bf1 e5 41. fxe5 fxe5 42. Ke1 e4 43. Rd1 e3 44. Rd3 Ra1+ 45. Rd1 Rxd1+ 46. Kxd1 f5 47. Be2 f4 48. a4 Kd6 49. a5 bxa5 50. bxa5 Rxe2 51. Kxe2 Kc5 0-1

[Event "*** Titled Tuesday Blitz"]
[Site "Chess.com"]
[Date "2019.08.06"]
[Round "5"]
[White "m3alam"]
[Black "Polish_fighter3000"]
[Result "0-1"]
[WhiteElo "2324"]
[BlackElo "2974"]
[TimeControl "180+2"]
[EndTime "14:03:27 PDT"]
[Termination "Polish_fighter3000 won by resignation"]

1. Nf3 b6 2. g3 Bb7 3. Bg2 c5 4. O-O g6 5. Re1 Nf6 6. d4 cxd4 7. Nxd4 Bxg2 8. Kxg2 d5 9. Bf4 Bg7 10. Nd2 O-O 11.
c3 Nfd7 12. N2f3 e5 13. Bg5 Qc8 14. Nc2 Qb7 15. Nb4 d4 16. cxd4 a5 17. Nc2 e4 18.
Nd2 e3+ 19. Nf3 exf2 20. Kxf2 h6 21. Bf4 Nf6 22. h3 Nbd7 23. Kg2 Rfe8 24. Qd3 Ne4 25. Kh2 Rad8 26. Rac1 g5 27. Be3 Qb8 28. Rg1 Ndf6 29.
Qb5 Nh5 30. Ne5 Nhxg3 31. Rxg3 Nxg3 32. Kxg3 Bxe5+ 33. dxe5 Rxe5 0-1

[Event "*** Titled Tuesday Blitz"]
[Site "Chess.com"]
[Date "2019.08.06"]
[Round "5"]
[White "VladimirBelous"]
[Black "Cruel_Yaro"]
[Result "1-0"]
[WhiteElo "2811"]
[BlackElo "2754"]
[TimeControl "180+2"]
[EndTime "14:03:28 PDT"]
[Termination "VladimirBelous won on time"]

1. c4 Nf6 2. Nf3 g6 3. Nc3 d5 4. cxd5 Nxd5 5. g3 Bg7 6. Bg2 c5 7. h4 h6 8. O-O Nc7 9. d3 O-O 10. Be3 Ne6 11. Ne4 b6 12. Qc1 Kh7 13. Nfg5+ hxg5 14. Nxg5+ Nxg5 15. Bxg5 Bd7 16. Bxa8 Nc6 17. Bxc6 Bxc6 18.
Be3 f5 19. f3 e5 20. Rf2 Kg8 21. Bg5 Qd7 22. Rb1 a5 23. Bh6 f4 24. Bg5 e4 25. dxe4 Bd4 26. Bxf4 Qh3 27. Qf1 Bxf2+ 28. Kxf2 Qe6 29. Qd1 Qxa2 30. Qd6 Qxb1 31. Qxg6+ 1-0

[Event "*** Titled Tuesday Blitz"]
[Site "Chess.com"]
[Date "2019.08.06"]
[Round "5"]
[White "santosalberto1987"]
[Black "dmosesov"]
[Result "0-1"]
[WhiteElo "2473"]
[BlackElo "2554"]
[TimeControl "180+2"]
[EndTime "14:03:32 PDT"]
[Termination "dmosesov won by resignation"]

1. e4 c5 2. Nf3 d6 3. Bb5+ Nd7 4. O-O a6 5. Bd3 e6 6. c3 g5 7. Bc2 g4 8. Ne1 h5 9. d4 Bg7 10. f3 Ngf6 11. fxg4 hxg4 12. Be3 Qc7 13. Nd2 b5 14. a4 Bb7 15. axb5 axb5 16. Rxa8+ Bxa8 17. Qe2 cxd4 18. Bxd4 Bc6 19. Nd3 Ne5 20. Nxe5 dxe5 21. Bc5 Bd7 22. Bb4 Qb6+ 23. Qf2 Qxf2+ 24. Rxf2 Nh5 25. Nb3 Bh6 26. Re2 g3 27. h3 f6 28. Nc5 Bc1 29. Nxd7 Kxd7 30.
Bd3 Kc6 31. Rc2 Be3+ 32. Kf1 Nf4 33. Be2 Ra8 34. Ba3 Bc5 35. Rc1 Bxa3 36. Ra1 Rd8 37. Rxa3 Rd2 38. Ra6+ Kb7 39. Bxb5 Rf2+ 40. Kg1 Rxg2+ 41.
Kh1 Rh2+ 42. Kg1 Nxh3+ 43. Kf1 g2+ 0-1

[Event "*** Titled Tuesday Blitz"]
[Site "Chess.com"]
[Date "2019.08.06"]
[Round "5"]
[White "doons21"]
[Black "Witaliss"]
[Result "0-1"]
[WhiteElo "2589"]
[BlackElo "2423"]
[TimeControl "180+2"]
[EndTime "14:03:32 PDT"]
[Termination "Witaliss won by resignation"]

1. e4 c6 2. d4 d5 3. f3 g6 4. Nc3 Bg7 5. Be3 e6 6. Qd2 Ne7 7. h4 h5 8. Nh3 Nd7 9. Ng5 Nb6 10. b3 a5 11. a4 f6 12. Nh3 Kf7 13.
Nf2 Bd7 14. g4 Nbc8 15. g5 f5 16. Nd3 dxe4 17. fxe4 fxe4 18. Nxe4 Nf5 19. Ne5+ Bxe5 20. dxe5 Nce7 21. Bh3 Nd5 22. Bd4 b5 23. O-O Kg7 24.
Bxf5 gxf5 25. Nd6 Kg6 26. c4 bxc4 27. bxc4 Nb4 28. Bc5 Na6 29. Ba3 c5 30. Rad1 Rh7 31. Nb5 Qb6 32. Qe3 Re7 33. Rd6 Qb7 34. Bxc5 Nxc5 35.
Qxc5 Rc8 36. Qd4 Bxb5 37. cxb5 Rc2 38. Rf2 Rxf2 39. Kxf2 Qh1 40. Qc4 Qh2+ 41. Ke1 Qxe5+ 0-1

[Event "*** Titled Tuesday Blitz"]
[Site "Chess.com"]
[Date "2019.08.06"]
[Round "5"]
[White "gena217"]
[Black "Supernotar"]
[Result "1-0"]
[WhiteElo "2920"]
[BlackElo "2625"]
[TimeControl "180+2"]
[EndTime "14:03:37 PDT"]
[Termination "gena217 won by resignation"]

1. e4 c6 2. d4 d5 3. e5 Bf5 4. Nf3 e6 5. Be2 Nd7 6. O-O h6 7. Nbd2 Ne7 8. a4 Qc7 9. a5 Bh7 10. Nb3 Ng6 11. c4 Be7 12. Be3 O-O 13. Rc1 dxc4 14.
Bxc4 Rfd8 15. Bd3 Rac8 16. Qc2 Qb8 17. Rfd1 c5 18. Nxc5 Bxc5 19. dxc5 Ndxe5 20. Nxe5 Qxe5 21. a6 bxa6 22. Bxa6 Nf8 23. Qc4 Rxd1+ 24. Rxd1 Rc6 25.
b4 Be4 26. Bb7 Bd5 27. Qd4 Qxd4 28. Rxd4 Rc7 29. Bxd5 exd5 30. Rxd5 Rb7 31. Rd4 Ne6 32. Rc4 Kf8 33. c6 Rc7 34. b5 Ke7 35. g3 Kd6 36.
Ra4 Kd5 37. Bxa7 Rc8 38. Be3 Rb8 39. Rb4 Kd6 40. Ba7 Ra8 41. b6 Kxc6 42. b7 1-0

[Event "*** Titled Tuesday Blitz"]
[Site "Chess.com"]
[Date "2019.08.06"]
[Round "5"]
[White "Durarbayli"]
[Black "IMDT02"]
[Result "1-0"]
[WhiteElo "2801"]
[BlackElo "2524"]
[TimeControl "180+2"]
[EndTime "14:03:40 PDT"]
[Termination "Durarbayli won by checkmate"]

1. e4 c5 2. Nf3 Nc6 3. d4 cxd4 4. Nxd4 e5 5. Nb5 d6 6. Be3 a6 7. N5c3 Nf6 8. Bc4 b5 9. Bb3 Rb8 10. a4 b4 11. Nd5 Bd7 12. a5 Nxd5 13. Qxd5 Qf6 14.
Bc4 Nd8 15. Bxa6 Bc6 16. Qd3 Qg6 17. Nd2 Qxg2 18. O-O-O Qg6 19. Bc4 Nb7 20. a6 Nc5 21.
Bxc5 dxc5 22. Bd5 Bxd5 23. Qxd5 Qb6 24. Nc4 Qc7 25. Nxe5 f6 26. Qe6+ Be7 27. Qf7# 1-0